 Dungeon Crawl Stone Soup version 0.23-a0-667-gc184e93 (webtiles) character file.

71 MalarOregon the Caller (level 4, 0/33 HPs)
             Began as a Merfolk Summoner on Jan 8, 2019.
             Slain by Purgy (1 damage)
             ... on level 3 of the Dungeon.
             The game lasted 00:07:17 (3122 turns).

MalarOregon the Caller (Merfolk Summoner)           Turns: 3122, Time: 00:07:18

Health: 0/33       AC:  4    Str:  8    XL:     4   Next: 24%
Magic:  3/7        EV: 14    Int: 15    God:
Gold:   107        SH:  0    Dex: 14    Spells: 2/8 levels left

rFire    . . .     SeeInvis .   c - +0 dagger
rCold    . . .     Gourm    .   (no shield)
rNeg     . . .     Faith    .   a - +0 robe
rPois    .         Spirit   .   n - +0 helmet
rElec    .         Reflect  .   (no cloak)
rCorr    .         Harm     .   (no gloves)
MR       .....                  b - +0 pair of boots
Stlth    ++........             (no amulet)
HPRegen  0.11/turn              h - ring of wizardry
MPRegen  0.10/turn              (no ring)

@: no status effects
A: change form in water, swift swim, stealthy swim
a: no special abilities


You were on level 3 of the Dungeon.
You were hungry.

You visited 1 branch of the dungeon, and saw 3 of its levels.

You collected 107 gold pieces.

Inventory:

Hand Weapons
 c - a +0 dagger (weapon)
   (You took it off a goblin on level 2 of the Dungeon)
Missiles
 m - 2 javelins (quivered)
Armour
 a - a +0 robe (worn)
 b - a +0 pair of boots (worn)
   (You found it on level 2 of the Dungeon)
 n - a +0 helmet (worn)
   (You found it on level 3 of the Dungeon)
Jewellery
 h - a ring of wizardry (left hand)
   (You found it on level 1 of the Dungeon)
Scrolls
 d - 2 scrolls of remove curse {unknown}
 i - a scroll of teleportation {unknown}
 k - 3 scrolls of magic mapping {unknown}
Potions
 f - a potion of haste {unknown}
 g - a potion of ambrosia {unknown}
 j - 2 potions of magic {unknown}
 l - a potion of curing {@q1}
Comestibles
 e - 5 rations {!d}


   Skills:
 + Level 1.8 Fighting
 + Level 3.7 Dodging
 - Level 2.1 Stealth
 + Level 2.6 Spellcasting
 + Level 4.4 Summonings


You had 2 spell levels left.
You knew the following spells:

 Your Spells              Type           Power        Failure   Level  Hunger
a - Summon Small Mammal   Summ           ###.         1%          1    #......
c - Call Canine Familiar  Summ           ###.....     4%          3    ###....
x - Call Imp              Summ           ###.....     1%          2    ###....

Your spell library contained the following spells:

 Spells                   Type           Power        Failure   Level  Hunger
 Summon Guardian Golem    Hex/Summ       #.......     11%         3    ###....
 Summon Ice Beast         Ice/Summ       #.......     32%         4    #####..
 Summon Lightning Spire   Summ/Air       #.......     32%         4    #####..


Dungeon Overview and Level Annotations

Branches:
Dungeon (3/15)

Altars:
Xom
Yredelemnul
The Shining One

Annotations:
D:3 Purgy


Message History

Your hound dies!
Your hound's corpse disappears in a puff of smoke!
Really walk into that dispersal trap?
You enter a dispersal trap!
Purgy blinks! x2; You blink.
A beastly little devil appears in a puff of flame.
Your crimson imp hits Purgy.
You swap places.
Your crimson imp closely misses Purgy.
Purgy closely misses your crimson imp. Purgy barely misses your crimson imp.
Purgy claws your crimson imp but does no damage.
Your crimson imp completely misses Purgy.
Purgy misses your crimson imp. Purgy barely misses your crimson imp.
Purgy claws your crimson imp.
Your crimson imp blinks!
Your crimson imp enters a dispersal trap!
Purgy blinks!
You blink.
Your crimson imp blinks!
Purgy bites you.
* * * LOW HITPOINT WARNING * * *
Purgy closely misses you. Purgy completely misses you.
Your crimson imp closely misses Purgy.
Purgy looks around nervously.
Purgy hisses menacingly.
Purgy clenches his teeth.
Purgy clenches his claws.
You are feeling hungry.
Purgy snarls, "Go!
Away!"
Your hound closely misses Purgy.
Your hound completely misses Purgy.
Your hound closely misses Purgy.
Your hound misses Purgy.
Your hound bites Purgy.
Your hound closely misses Purgy.
Your hound bites Purgy.
Purgy misses you. Purgy barely misses you. Purgy claws you but does no damage.
Your hound misses Purgy.
Your hound barely misses Purgy.
You hit Purgy.
Your hound bites Purgy.
Purgy completely misses you.
Purgy barely misses you. x2; Your hound closely misses Purgy.
You hit Purgy but do no damage. Purgy misses you. Purgy closely misses you. x2
Your hound bites Purgy.
You hit Purgy.
Your hound bites Purgy but does no damage.
Purgy bites you.
* * * LOW HITPOINT WARNING * * *
Purgy claws you but does no damage. Purgy barely misses you.
Your hound closely misses Purgy.
Your hound disappears in a puff of smoke!
Purgy bites you.
* * * LOW HITPOINT WARNING * * *
Purgy claws you.
You die...

##### ##########...#
...........##.# #######'##.# #.
##### #........#.# #. #...####
#........#.###.#####.#...^#
#........#.##.............##
#........#.......###..##...######
#........#...##.@###..#..........
#[.......#.#.....T.ยง..#..........
#........#.####..###..#......####
#........#.# #..###..##...#.#
##'#######.####..........(##.#
...........##..................
#.##....##.##.#.####...........
#.##.#####.##.#.# #...###.#.##.
#.##.# #[##.#.####...# .......


You could see Purgy.

Vanquished Creatures
  A worker ant (D:2)
  A leopard gecko (D:3)
  A ball python (D:2)
  3 giant cockroaches (D:2)
  A goblin (D:2)
  A hobgoblin (D:1)
  6 jackals
  3 bats
  A frilled lizard (D:3)
  A kobold (D:1)
  2 rats (D:2)
21 creatures vanquished.

Vanquished Creatures (collateral kills)
  An adder (D:2)
  2 worms (D:2)
  A dart slug (D:1)
  2 leopard geckos
  8 bats
  4 goblins
  3 hobgoblins (D:1)
  5 jackals
  3 frilled lizards
  2 kobolds (D:1)
31 creatures vanquished.

Grand Total: 52 creatures vanquished

Notes
Turn   | Place    | Note
-------+----------+-------------------------------------------
     0 | D:1      | MalarOregon the Merfolk Summoner began the quest for the
                  | Orb.
     0 | D:1      | Reached XP level 1. HP: 13/13 MP: 3/3
   624 | D:1      | Reached XP level 2. HP: 12/20 MP: 5/5
  1115 | D:1      | Reached skill level 1 in Fighting
  1468 | D:1      | Reached XP level 3. HP: 22/26 MP: 3/6
  2339 | D:2      | Learned a level 2 spell: Call Imp
  2343 | D:2      | Learned a level 3 spell: Call Canine Familiar
  2385 | D:2      | Reached XP level 4. HP: 32/32 MP: 1/7
  2450 | D:2      | Found a shimmering altar of Xom.
  2451 | D:2      | Found a shimmering altar of Xom.
  2452 | D:2      | Found a shimmering altar of Xom.
  2453 | D:2      | Found a shimmering altar of Xom.
  2454 | D:2      | Found a shimmering altar of Xom.
  2454 | D:2      | Found a shimmering altar of Xom.
  2459 | D:2      | Found a shimmering altar of Xom.
  2706 | D:2      | Found a glowing golden altar of the Shining One.
  2823 | D:2      | Found a basalt altar of Yredelemnul.
  3024 | D:3      | Noticed Purgy
  3122 | D:3      | HP: 1/33 [Purgy (4)]
  3122 | D:3      | Slain by Purgy

Vault maps used:
D:1:      mainiacjoe_arrival_reflecting_pool
D:2:      tso_oasis_becter, lemuel_coloured_pillars_altar, xom_redecorated
D:3:      minivault_25, uniq_purgy

Skill      XL: |  1  2 |
---------------+-------+-----
Dodging        | 3 |  3.7
Fighting       | 1 |  1.8
Stealth        | |  2.1
Spellcasting   | |  2.6
Summonings     | |  4.4

Action                   |  1- 3 |  4- 6 || total
-------------------------+-------+-------++-------
Melee: Club              |   146 |       ||   146
       Unarmed           |     6 |       ||     6
       Dagger            |       |    49 ||    49
 Cast: Summon Small Mamm |    80 |       ||    80
       Call Canine Famil |     1 |     6 ||     7
       Call Imp          |     1 |     2 ||     3
  Use: Scroll            |     2 |       ||     2
       Potion            |     3 |       ||     3
 Stab: Sleeping          |     1 |     1 ||     2
       Distracted        |     2 |     1 ||     3
  Eat: Chunk             |     6 |     3 ||     9
Armor: Robe              |    38 |    12 ||    50
Dodge: Dodged            |   138 |    51 ||   189

Table legend:
 A = Non-vault XP
 B = Vault XP
 C = Vault XP percentage of total XP
 D = Non-vault monster count
 E = Vault monster count
 F = Vault count percentage of total count
                 A         B        C        D         E       F
            +---------+---------+-------+---------+---------+-------
      Total |     102 |       0 |   0.0 |      52 |       0 |   0.0
            +---------+---------+-------+---------+---------+-------
        D:1 |      37 |       0 |   0.0 |      28 |       0 |   0.0
        D:2 |      61 |       0 |   0.0 |      22 |       0 |   0.0
        D:3 |       4 |       0 |   0.0 |       2 |       0 |   0.0
            +---------+---------+-------+---------+---------+-------
